 Dungeon Crawl Stone Soup version 0.29.1-2-gbd0b4ee654 (webtiles) character file.

Game seed: 3026121421635144987

105 leafyfresh the Digger (level 4, -6/27 HPs)
             Began as an Octopode Earth Elementalist on Nov 8, 2022.
             Killed from afar by an orc wizard (10 damage)
             ... with a puff of flame
             ... on level 3 of the Dungeon.
             The game lasted 00:03:56 (2665 turns).

leafyfresh the Digger (Octopode Earth Elementalist) Turns: 2665, Time: 00:03:59

Health: -6/27      AC:  1    Str:  7    XL:     4   Next: 81%
Magic:  3/7        EV: 13    Int: 19    God:
Gold:   68         SH:  0    Dex: 12    Spells: 1/7 levels left

rFire   . . .      SeeInvis .   n - +4 short sword
rCold   . . .      Faith    .   (no shield)
rNeg    . . .      Spirit   .   (helmet restricted)
rPois   +          Reflect  .   (no amulet)
rElec   .          Harm     .   h - ring of poison resistance
rCorr   .          Rampage  .   (no ring)
Will    .....                   (no ring)
Stlth   ++........              (no ring)
HPRegen 0.09/turn               (no ring)
MPRegen 0.10/turn               (no ring)
                                (no ring)
                                (no ring)

@: confused
A: almost no armour, amphibious, 8 rings, camouflage 1, gelatinous body 1,
(nimble swimmer 1), tentacles
a: no special abilities


You were on level 3 of the Dungeon.
You visited 1 branch of the dungeon, and saw 3 of its levels.

You collected 68 gold pieces.

Inventory:

Hand Weapons
 n - a +4 short sword (weapon)
Armour
 o - a +0 helmet
Jewellery
 h - a ring of poison resistance (left tentacle)
Scrolls
 b - 3 scrolls of enchant weapon {unknown}
 f - a scroll of identify {unknown}
 g - a scroll of fear {unknown}
 i - a scroll of noise {unknown}
 j - a scroll of fog {unknown}
 k - 3 scrolls of teleportation {unknown}
 m - a scroll of immolation {unknown}
Potions
 a - a potion of magic
 c - 3 potions of heal wounds {unknown}
 d - 2 potions of flight {unknown}
 e - 2 potions of degeneration {unknown}
 l - a potion of curing {unknown}


   Skills:
 - Level 2.1 Dodging
 + Level 3.6 Stealth
 - Level 2.0 Spellcasting
 + Level 1.0 Conjurations
 - Level 1.1 Transmutations
 + Level 4.7 Earth Magic


You had one spell level left.
You knew the following spells:

 Your Spells              Type           Power      Damage    Failure   Level
a - Sandblast             Erth           38%        2d10      2%          1
b - Stone Arrow           Conj/Erth      26%        3d8       16%         3
c - Passwall              Tmut/Erth      10%        N/A       8%          2

Your spell library contained the following spells:

 Spells                   Type           Power      Damage    Failure   Level
 Confusing Touch          Hex            1%         N/A       45%         3
 Petrify                  Tmut/Erth      13%        N/A       45%         4
 Yara's Violent Unravell  Hex/Tmut       2%         3d3       98%         5
 Enfeeble                 Hex            0%         N/A       100%        7


Dungeon Overview and Level Annotations

Branches:
Dungeon (3/15)

Altars:
Uskayaw


Innate Abilities, Weirdness & Mutations

You cannot wear most types of armour.
You are amphibious.
You can wear up to eight rings at the same time.
Your skin changes colour to match your surroundings (Stealth+).
Your rubbery body absorbs attacks. (AC +1, EV +1)
((You are camouflaged when in or above water. (Stealth+)))
You have tentacles for arms and can constrict up to eight enemies at once.


Message History

The puff of flame misses you.
Casting: Sandblast (safe; 2% risk of failure)
Confirm with . or Enter, or press ? or * to list all spells.
Aiming: Sandblast (safe; 2% risk of failure)
Press: ? - help, Shift-Dir - straight line, f - orc
Aim: an orc, wielding a +0 club (82% to hit)
The blast of sand hits the orc!
You kill the orc!
Unknown command.
Casting: Sandblast (safe; 2% risk of failure)
Confirm with . or Enter, or press ? or * to list all spells.
You can't see any susceptible monsters within range! (Use Z to cast anyway.) Unknown command.
You closely miss something. Something hits you.
Unknown command.
You hit something but do no damage. Your squeeze misses something.
Something hits you.
* * * LOW HITPOINT WARNING * * *
Unknown command.
You puncture something! Something hits you.
* * * LOW HITPOINT WARNING * * *
Unknown command.
You puncture something! Something hits you.
* * * LOW HITPOINT WARNING * * *
Unknown command.
Casting: Sandblast (safe; 2% risk of failure)
Confirm with . or Enter, or press ? or * to list all spells.
You can't see any susceptible monsters within range! (Use Z to cast anyway.) Unknown command.
Casting: Sandblast (safe; 2% risk of failure)
Confirm with . or Enter, or press ? or * to list all spells.
You can't see any susceptible monsters within range! (Use Z to cast anyway.) Unknown command.
You hit something but do no damage. Your squeeze misses something.
You hear some strange, mumbled words.
You are confused.
You hear some strange, mumbled words.
A puff of flame appears from out of thin air!
The puff of flame hits you!
You die...

# . ..
###############
..###
#.....).{@....#
o.g.#
#.###########.#
#.# #.# #.#
.[#.####.# #.#
....)...o# #.#
.##.#..### #.#
#..#..# #.#
#.##..# #)# #[
#..# #.#


There were no monsters in sight!

Vanquished Creatures
  5 adders (D:2)
  A worm (D:2)
  2 dart slugs (D:2)
  2 orcs (D:3)
  3 bats
  5 endoplasms
  2 giant cockroaches
  3 goblins
  4 hobgoblins
  9 kobolds
  3 quokkas (D:2)
  3 ball pythons
  3 frilled lizards (D:2)
  4 rats
49 creatures vanquished.

Vanquished Creatures (others)
  A plant (D:1)
  8 withered plants (D:1)
9 creatures vanquished.

Grand Total: 58 creatures vanquished

Notes
Turn   | Place    | Note
-------+----------+-------------------------------------------
     0 | D:1      | leafyfresh the Octopode Earth Elementalist began the quest
                  | for the Orb.
     0 | D:1      | Reached XP level 1. HP: 11/11 MP: 3/3
    75 | D:1      | You fall into a shaft and drop 1 floor!
   103 | D:2      | Found a hide-covered altar of Uskayaw.
   187 | D:2      | Reached XP level 2. HP: 8/17 MP: 1/5
   578 | D:2      | Reached XP level 3. HP: 20/21 MP: 2/6
   893 | D:1      | Reached skill level 4 in Earth Magic
  1452 | D:1      | Found a faded altar of an unknown god.
  1746 | D:2      | Learned a level 3 spell: Stone Arrow
  1749 | D:2      | Learned a level 2 spell: Passwall
  1853 | D:2      | Reached XP level 4. HP: 27/27 MP: 7/7
  2366 | D:2      | Reached skill level 1 in Conjurations
  2665 | D:3      | Killed from afar by an orc wizard

Illustrated notes

Levels and vault maps discovered:
D:1:      dpeg_arrival_fog, layout_loops_ring,
          shapermc_ecumenical_altar_flowoftime
D:2:      layout_loops_ring, basic_altar, minmay_misc_feat_rugged,
          kennysheep_generic_room_7
D:3:      layout_loops_ring

Skill      XL: |  1  2  3  4 |
---------------+-------------+-----
Earth Magic    | 4 |  4.7
Stealth        | 3 |  3.6
Conjurations   | 1 |  1.0
Dodging        | |  2.1
Spellcasting   | |  2.0
Transmutations | |  1.1

Action                   |  1- 3 |  4- 6 || total
-------------------------+-------+-------++-------
Melee: Unarmed           |    50 |       ||    50
       Constrict         |    15 |     3 ||    18
       Tentacles         |    13 |     2 ||    15
       Short sword       |     7 |    21 ||    28
 Cast: Sandblast         |    24 |    16 ||    40
 Stab: Sleeping          |     6 |     4 ||    10
Armor: Skin              |     2 |     4 ||     6
Dodge: Dodged            |    50 |    18 ||    68
